AoeStats
← wugabor

Arabia

510517867Analyzed
1v1 RM · 20h ago on Oct 1, 2026· 25m 40s· 2 players
Game mode
Random Map
Map size
Tiny (2 player)
Population
200
Speed
Normal
Resources
Standard
Victory
Conquest
Starting age
Dark Age
Ending age
Imperial Age
RankedLock teamsTeams togetherTeam positionsShared explorationLock speedFull tech treeHidden civsTurbo modeCheats
Victory
Defeat
🇩🇪 Magyars · Germany
1173
+14
🇭🇺 Sicilians · Hungary
1125
-14
wugabor
10:02 Loom
11:48 Feudal Age
12:55 Double-Bit Axe
19:58 Castle Age
17:48 Horse Collar
19:01 Bloodlines
19:10 Scale Barding Armor
21:08 Gold Mining
22:01 Wheelbarrow
22:56 Husbandry
25:33 Chain Barding Armor
25:19 Pikeman
AOELG_magic_vky
6:45 Loom
9:23 Feudal Age
9:56 Double-Bit Axe
9:54 Horse Collar
16:17 Scale Barding Armor
20:54 Castle Age
19:15 Gold Mining
19:42 Bloodlines
22:01 Chain Barding Armor
21:58 Bow Saw
21:25 Light Cavalry
Connection lost

Rejoining the realm…

Still unreachable

The connection could not be restored.

Session expired

The server has moved on; the page needs a fresh start.